 Dungeon Crawl Stone Soup version 0.16-a0-3712-g87ae24a (webtiles) character file.

39 Ololoev the Shield-Bearer (level 3, 0/28 HPs)
             Began as a Vampire Fighter on Jan 20, 2015.
             Slain by a gnoll
             ... wielding a cursed -1 whip
              (4 damage)
             ... on level 2 of the Dungeon.
             The game lasted 00:02:56 (751 turns).

Ololoev the Shield-Bearer (Vampire Fighter)          Turns: 751, Time: 00:02:56

Health: 0/28       AC:  6    Str: 15    XL:     3   Next: 26%
Magic:  3/3        EV:  6    Int: 11    God:
Gold:   21         SH:  8    Dex: 13    Spells: 0 memorised, 2 levels left

rFire  . . .     SeeInvis +     a - +0 long sword
rCold  . . .     Clarity  .     b - +0 scale mail
rNeg   + . .     SustAb   .     c - +0 shield
rPois  .         Gourm    .     (no helmet)
rElec  .         Spirit   .     (no cloak)
rCorr  .         Warding  .     (no gloves)
rMut   .         Stasis   .     (no boots)
MR     .....                    (no amulet)
Stlth  +.........               (no ring)
                                i - ring of stealth

@: not resistant to hostile enchantments, very unstealthy
A: bottle blood, fangs 3, see invisible, unbreathing
a: Bat Form


You were on level 2 of the Dungeon.
You were not thirsty.

You visited 1 branch of the dungeon, and saw 2 of its levels.

You collected 21 gold pieces.

Notes
Turn   | Place    | Note
--------------------------------------------------------------
     0 | D:1      | Ololoev, the Vampire Fighter, began the quest for the Orb.
     0 | D:1      | Reached XP level 1. HP: 17/17 MP: 1/1
   282 | D:1      | Reached XP level 2. HP: 23/23 MP: 2/2
   666 | D:1      | Reached skill level 3 in Shields
   680 | D:2      | Found a shattered altar of Ashenzari.
   711 | D:2      | Reached XP level 3. HP: 28/28 MP: 3/3
   751 | D:2      | Slain by a gnoll

Inventory:

Hand weapons
 a - a +0 long sword (weapon)
Armour
 b - a +0 scale mail (worn)
 c - a +0 shield (worn)
Jewellery
 i - a ring of stealth (left hand)
Scrolls
 f - a scroll of recharging {unknown}
 h - a scroll of identify {unknown}
 j - a scroll of enchant armour {unknown}
 m - a scroll of amnesia {unknown}
 n - a scroll of teleportation {unknown}
Potions
 d - a potion of blood
 e - a potion of might
 g - a potion of resistance {unknown}
 k - a potion of curing {unknown}
 l - a potion of brilliance {unknown}

Table legend:
 A = Turns spent in this place as a percentage of turns spent in the entire game.
 B = Non-inter-level travel turns spent in this place as a percentage of non-inter-level travel turns spent in the entire game.
 C = Inter-level travel turns spent in this place as a percentage of turns spent in this place.
 D = Turns resting spent in this place as a percentage of non-inter-level travel turns spent in this place.
 E = Turns spent auto-exploring this place as a percentage of non-inter-level travel turns spent in this place.
 F = Non-inter-level travel turns spent in this place divided by the number of levels of this place that you've seen.
                   A       B       C       D       E      F
               +-------+-------+-------+-------+-------+----------------------
         Total | 100.0 | 100.0 |   0.5 |   2.1 |  18.5 |  94.5
       Dungeon | 100.0 | 100.0 |   0.5 |   2.1 |  18.5 |  94.5
               +-------+-------+-------+-------+-------+----------------------


   Skills:
 - Level 2.6 Fighting
 * Level 2.7 Long Blades
 + Level 2.8 Armour
 + Level 3.1 Shields


You had 2 spell levels left.
You didn't know any spells.

Dungeon Overview and Level Annotations

Branches:
Dungeon (2/15)

Altars:
Ashenzari


Innate Abilities, Weirdness & Mutations

You can bottle blood from corpses.
You have razor-sharp teeth.
You have supernaturally acute eyesight.
You can survive without breathing.


Message History

You hit the gnoll.
The gnoll is lightly wounded.
The gnoll barely misses you.
You slash the gnoll!
The gnoll is severely wounded.
You block the gnoll's attack. The gnoll hits you but does no damage.
You slash the gnoll!
You kill the gnoll!
You have reached level 3!
Your experience leads to an increase in your attributes!
Increase (S)trength, (I)ntelligence, or (D)exterity?
You feel clever.
You can now transform into a vampire bat.
n - a scroll labeled LUXEBEGI COSOU
Found a trident.
A gnoll comes into view. It is wielding a whip.
The gnoll shouts!
Found 22 bolts.
A gnoll comes into view. It is wielding a flail of holy wrath.
The gnoll shouts!
A gnoll comes into view. It is wielding a whip.
The gnoll shouts!
The gnoll hits you with a flail of holy wrath.
You convulse.
You slash the gnoll!
The gnoll is heavily wounded.
The gnoll hits you with a flail of holy wrath.
You convulse!
You hit the gnoll.
You kill the gnoll!
Your shield and scale mail prevent you from hitting the gnoll.
Your bite misses the gnoll. The gnoll hits you with a whip.
You block the gnoll's attack.
You hit the gnoll.
The gnoll is moderately wounded.
The gnoll hits you but does no damage.
You hit the gnoll.
The gnoll is severely wounded.
The gnoll hits you with a whip.
You die...

#.. #..... #......
### ........ ##..
#......(. #..
#..)..... #.#
##........
#####.#####.........#
#.......@gg...=.....#
#...#.#####.####.....
#...#.###...###.....
#.........###......
#...#.#######....#
#...#.##.#....#..#
#...............#
#####.......†#####
........#.#...#


You could see 2 gnolls.

Table legend:
 A = Kills in this place as a percentage of kills in entire the game.
 B = Kills by you in this place as a percentage of kills by you in the entire game.
 C = Kills by friends in this place as a percentage of kills by friends in the entire game.
 D = Other kills in this place as a percentage of other kills in the entire game.
 E = Experience gained in this place as a percentage of experience gained in the entire game.
 F = Experience gained in this place divided by the number of levels of this place that you have seen.
                   A       B       C       D       E      F
               +-------+-------+-------+-------+-------+----------------------
         Total | 100.0 | 100.0 |  -nan |  -nan | 100.0 |  28.0
       Dungeon | 100.0 | 100.0 |  -nan |  -nan | 100.0 |  28.0
               +-------+-------+-------+-------+-------+----------------------

Vanquished Creatures
  2 gnolls (D:2)
  2 giant cockroaches (D:1)
  A goblin (D:1)
  4 hobgoblins (D:1)
  4 kobolds (D:1)
  2 bats (D:1)
  3 giant newts (D:1)
  A quokka (D:2)
  A rat (D:1)
20 creatures vanquished.

Action                   || total
-------------------------++-------
Melee: Long sword        ||    60

Vault maps used:
D:1:      mrwooster_arrival_statue_2
D:2:      ashenzari_altar_1, minmay_door_square, uniq_terence, uniq_iyjb
